 Dungeon Crawl Stone Soup version 0.21-a0-338-g36cf2fc (webtiles) character file.

749 nikopol the Chopper (level 7, -5/44 HPs)
             Began as a Gargoyle Berserker on Oct 3, 2017.
             Was a Priest of Trog.
             Killed by divine providence
             ... invoked by an orc priest
              (13 damage)
             ... on level 5 of the Dungeon.
             The game lasted 00:07:37 (3187 turns).

nikopol the Chopper (Gargoyle Berserker)            Turns: 3187, Time: 00:07:38

Health: -5/44      AC: 15    Str: 24    XL:     7   Next: 77%
Magic:  7/7        EV:  9    Int:  7    God:    Trog [***...]
Gold:   253        SH:  2    Dex: 11    Spells: 6/6 levels left

rFire    . . .     SeeInvis .   a - +1 hand axe
rCold    . . .     Gourm    .   (no shield)
rNeg     + . .     Faith    .   f - +0 chain mail
rPois    ∞         Spirit   .   (no helmet)
rElec    +         Reflect  +   n - +0 cloak
rCorr    .         Harm     .   (no gloves)
MR       .....                  (no boots)
Stlth    ..........             v - +2 amulet of reflection
HPRegen  0.14/turn              (no ring)
MPRegen  0.10/turn              x - +3 ring of strength

@: no status effects
A: negative energy resistance 1, electricity resistance, unbreathing,
petrification resistance, rot immunity, AC +4
a: Berserk, Trog's Hand, Burn Spellbooks, Renounce Religion


You were on level 5 of the Dungeon.
You worshipped Trog.
Trog was most pleased with you.
You were hungry.

You visited 1 branch of the dungeon, and saw 5 of its levels.

You collected 253 gold pieces.

Inventory:

Hand Weapons
 a - a +1 hand axe (weapon)
Missiles
 d - 65 arrows
Armour
 f - a +0 chain mail (worn)
 n - a +0 cloak (worn)
Jewellery
 v - a +2 amulet of reflection (around neck)
 x - a +3 ring of strength (right hand)
Wands
 e - a wand of random effects (26/48)
 i - a wand of confusion (24/48)
 q - a wand of enslavement (24/24)
Scrolls
 m - a scroll of remove curse
 o - a scroll of identify
 z - 2 scrolls of teleportation
Potions
 j - a potion of curing {unknown}
 k - a potion of resistance {unknown}
 l - a potion of mutation {unknown}
 p - a potion of haste {unknown}
 r - a potion of flight {unknown}
 s - 3 potions of agility {unknown}
 t - 2 potions of cancellation {unknown}
 w - a potion of might {unknown}
Comestibles
 c - 3 bread rations
 g - 2 royal jellies
 h - 2 meat rations


   Skills:
 + Level 4.4 Fighting
 + Level 6.4 Axes
 + Level 4.8 Armour
 + Level 2.2 Dodging
 + Level 0.1 Stealth


You had 6 spell levels left.
You didn't know any spells.

Dungeon Overview and Level Annotations

Branches:
Dungeon (5/15)             Temple (0/1) D:5

Altars:
Okawaru

Shops:
D:4 [[


Innate Abilities, Weirdness & Mutations

You are resistant to torment.
Your stone body is resilient. (AC +4)
You are immune to poison.
You resist negative energy. (rN+)
You are resistant to electric shocks. (rElec)
You can survive without breathing.
You are immune to petrification.
You are immune to rotting.


Message History

Items here: ))) [[ †† You slash the orc priest!
The orc priest is heavily wounded.
You are feeling hungry.
The orc priest barely misses you. The orc barely misses you.
You hit the orc priest but do no damage.
The orc priest is heavily wounded.
The orc priest hits you but does no damage.
The orc hits you but does no damage.
You hit the orc priest but do no damage.
The orc priest is heavily wounded.
The orc priest invokes the aid of Beogh against you.
Beogh smites you!
* * * LOW HITPOINT WARNING * * *
You block the orc's attack.
You hit the orc priest.
The orc priest is severely wounded.
The orc priest invokes the aid of Beogh against you.
Beogh smites you!
You die...

###.....#.#
#.+..>..#..
#.#.....###
#)#.....#
#.#.....#######
#.###'###.....#
#.#.#..#.####.#
#........#
#.#########
####......#
#..@oo.....
..........#
###########
####.....>###
#........#
#####.##.#
#.##.# #.##.#
#.##.# #.##.#


You could see an orc priest and an orc.

Vanquished Creatures
  An ice beast (D:5)
  2 ogres
  A howler monkey (D:4)
  A crimson imp (D:5)
  A bullfrog zombie (D:5)
  2 hounds
  2 orc priests
  2 orc wizards
  2 worker ants (D:4)
  3 gnolls (D:3)
  A howler monkey skeleton (D:4)
  3 adders
  An ooze (D:4)
  An adder zombie (D:5)
  A worm (D:4)
  2 dart slugs
  A leopard gecko (D:2)
  14 orcs
  8 giant cockroaches
  13 hobgoblins
  10 jackals
  A ball python (D:2)
  6 bats
  3 frilled lizards
  7 goblins
  3 kobolds
  A rat (D:2)
93 creatures vanquished.

Notes
Turn   | Place    | Note
-------+----------+-------------------------------------------
     0 | D:1      | nikopol the Gargoyle Berserker began the quest for the Orb.
     0 | D:1      | Reached XP level 1. HP: 14/14 MP: 1/1
   332 | D:1      | Reached XP level 2. HP: 19/19 MP: 2/2
   335 | D:1      | Reached skill level 3 in Axes
   750 | D:2      | Reached XP level 3. HP: 23/24 MP: 3/3
   909 | D:2      | Reached ** piety under Trog
  1123 | D:3      | Found a faded altar of an unknown god.
  1131 | D:3      | Reached XP level 4. HP: 29/29 MP: 4/4
  1481 | D:3      | Reached skill level 4 in Axes
  1492 | D:3      | Reached XP level 5. HP: 14/33 MP: 5/5
  1984 | D:4      | Found Ythuprin's Armour Shop.
  2018 | D:4      | Found Pumiep's Antique Armour Shop.
  2021 | D:4      | Noticed an ogre
  2028 | D:4      | Killed an ogre
  2028 | D:4      | Reached XP level 6. HP: 38/38 MP: 6/6
  2075 | D:4      | Reached skill level 5 in Axes
  2123 | D:4      | Reached *** piety under Trog
  2161 | D:4      | Found an iron altar of Okawaru.
  2640 | D:4      | Reached XP level 7. HP: 43/43 MP: 7/7
  2641 | D:4      | Found a glowing drain.
  2695 | D:5      | Entered Level 5 of the Dungeon
  2888 | D:5      | Found a staircase to the Ecumenical Temple.
  2897 | D:5      | Reached skill level 6 in Axes
  3187 | D:5      | Killed from afar by an orc priest

Vault maps used:
D:1:      dpeg_arrival_arbitrary_b
D:2:      cheibrodos_greedy_goblins
D:3:      chequers_ecumenical_altar_simple_redux
D:4:      okawaru_ov_weapons_minmay, first_bread, portal_sewer_entry_d,
          serial_shops, nicolae_shop_trees,
          nicolae_shop_temple_entry_statues_fountains
D:5:      kennysheep_mini_moat, temple_green, uniq_sigmund

Skill      XL: |  1  2  3  4  5  6  7 |
---------------+----------------------+-----
Axes           | 3 4 5 6 |  6.4
Fighting       | 4 |  4.4
Armour         | 3 4 |  4.8
Dodging        | 2 |  2.2
Stealth        | |  0.1

Action                   |  1- 3 |  4- 6 |  7- 9 || total
-------------------------+-------+-------+-------++-------
Melee: Hand axe          |   123 |   139 |    87 ||   349
Invok: Burn Spellbooks   |     1 |       |       ||     1
       Berserk           |       |     2 |     1 ||     3
  Use: Scroll            |       |     8 |       ||     8
  Eat: Chunk             |     1 |     7 |     2 ||    10
Armor: Chain mail        |   114 |   101 |    46 ||   261
Dodge: Dodged            |    75 |    58 |    25 ||   158
Block: Other             |       |     7 |     4 ||    11

Table legend:
 A = Spawn XP
 B = Non-spawn XP
 C = Spawn XP percentage of total XP
 D = Spawn monster count
 E = Non-spawn monster count
 F = Spawn count percentage of total count
 G = Total turns spent on level
                    A         B        C        D         E        F      G
               +---------+---------+-------+---------+---------+-------+---------
         Total |       0 |    1070 |   0.0 |       0 |      93 |   0.0 |  3187
               +---------+---------+-------+---------+---------+-------+---------
           D:1 |       0 |      17 |   0.0 |       0 |       9 |   0.0 |   524
           D:2 |       0 |      42 |   0.0 |       0 |      18 |   0.0 |   455
           D:3 |       0 |     170 |   0.0 |       0 |      29 |   0.0 |   948
           D:4 |       0 |     398 |   0.0 |       0 |      26 |   0.0 |   768
           D:5 |       0 |     443 |   0.0 |       0 |      11 |   0.0 |   492
               +---------+---------+-------+---------+---------+-------+---------
